 Dungeon Crawl Stone Soup version 0.31-a0-543-geaa9c7a2c0 (webtiles) character file.

Game seed: 5944823147094781901

16 JackS81 the Caller (level 2, 0/15 HPs)
             Began as a Deep Elf Summoner on Aug 15, 2023.
             Succumbed to an adder's poison
             ... on level 2 of the Dungeon.
             The game lasted 00:03:20 (517 turns).

JackS81 the Caller (Deep Elf Summoner)               Turns: 517, Time: 00:03:20

Health: 0/15       AC:  2    Str:  5    XL:     2   Next: 37%
Magic:  7/8        EV: 12    Int: 25    God:
Gold:   31         SH:  0    Dex: 15    Spells: 4/7 levels left

rFire   . . .        h - +1 dagger (drain)
rCold   . . .        (no shield)
rNeg    . . .        a - +0 robe
rPois   .            (no helmet)
rElec   .            (no cloak)
rCorr   .            (no gloves)
SInv    .            (no boots)
Will    .....        (no amulet)
Stlth   ++           c - ring of wizardry
HPRegen 0.22/turn    d - +6 ring of intelligence
MPRegen 0.11/turn

%: wizardry (x1)
@: lethally poisoned (0 -> -5)
A: no striking features
a: no special abilities


You were on level 2 of the Dungeon.
You visited 1 branch of the dungeon, and saw 2 of its levels.

You collected 31 gold pieces.

Inventory:

Hand Weapons
 f - a +0 dagger
 h - a +1 dagger of draining (weapon)
Missiles
 e - 2 stones (quivered)
Armour
 a - a +0 robe (worn)
Jewellery
 c - a ring of wizardry (left hand)
 d - a +6 ring of intelligence (right hand)
Talismans
 i - a flux talisman
Scrolls
 g - a scroll of identify {unknown}
Potions
 b - a potion of magic


   Skills:
 - Level 2.4 Dodging
 - Level 2.4 Stealth
 * Level 3.2 Spellcasting
 * Level 5.0 Summonings


You had 4 spell levels left.
You knew the following spells:

 Your Spells              Type           Power      Damage    Failure   Level
a - Summon Small Mammal   Summ           100%       N/A       1%          1
b - Call Imp              Summ           58%        N/A       1%          2

Your spell library contained the following spells:

 Spells                   Type           Power      Damage    Failure   Level
 Call Canine Familiar     Summ           29%        N/A       1%          3
 Summon Guardian Golem    Hex/Summ       16%        N/A       4%          3
 Summon Lightning Spire   Summ/Air       16%        N/A       14%         4


Dungeon Overview and Level Annotations

Branches:
Dungeon (2/15)

Altars:


Message History

You climb downwards.
There is a stone staircase leading up here.
An adder comes into view.
Casting: Summon Small Mammal (safe; 1% risk of failure)
Confirm with . or Enter, or press ? or * to list all spells.
A tiny devil pulls itself out of the air.
You swap places.
You swap places.
Your cerulean imp hits the adder from afar with a -2 spear.
The adder closely misses you.
Your cerulean imp hits the adder but does no damage.
The adder bites you.
You hit the adder.
The adder is moderately wounded.
The adder bites you.
You are poisoned.
The adder poisons you!
Your cerulean imp barely misses the adder.
You hit the adder but do no damage.
The adder is moderately wounded.
You feel sick. The adder bites you but does no damage.
Your cerulean imp closely misses the adder.
You feel sick. The adder bites you.
You are lethally poisoned!
The adder poisons you!
Your cerulean imp completely misses the adder.
You swap places.
* * * LOW HITPOINT WARNING * * *
You feel very sick.
The adder completely misses your cerulean imp.
The adder bites your cerulean imp.
Your cerulean imp is poisoned.
The adder poisons your cerulean imp!
Your cerulean imp barely misses the adder.
Okay, then.
* * * LOW HITPOINT WARNING * * *
You feel sick.
The adder bites your cerulean imp but does no damage.
Your cerulean imp hits the adder with a -2 spear.
You die...

#........#
########.#
#.# #.#
#.# #.#
#.# #.#
#@# #.#
#.#
####5##
#...S.#
#.##..# #
#...#
#.#.#
....#


You could see an adder (distracted, ally target) and a friendly cerulean imp
(summoned, poisoned).

Vanquished Creatures
  A goblin (D:1)
  A ball python (D:1)
  A bat (D:1)
  A frilled lizard (D:1)
4 creatures vanquished.

Vanquished Creatures (collateral kills)
  A dart slug (D:1)
  A bat (D:1)
  2 endoplasms (D:1)
  A goblin (D:1)
  A hobgoblin (D:1)
  A frilled lizard (D:1)
  A kobold (D:1)
  2 rats (D:1)
10 creatures vanquished.

Grand Total: 14 creatures vanquished

Notes
Turn   | Place    | Note
-------+----------+-------------------------------------------
     0 | D:1      | JackS81 the Deep Elf Summoner began the quest for the Orb.
     0 | D:1      | Reached XP level 1. HP: 10/10 MP: 6/6
   259 | D:1      | Reached XP level 2. HP: 15/15 MP: 8/8
   327 | D:1      | Reached skill level 5 in Summonings
   459 | D:1      | Learned a level 2 spell: Call Imp
   517 | D:2      | Succumbed to an adder's poison

Illustrated notes

Levels and vault maps discovered:
D:1:      minmay_arrival_glassed_features, layout_rooms, minmay_misc_feat_tower
D:2:      layout_loops_ring, grunt_ministairs_12, serial_bayou_lake_a

Skill      XL: |  1  2 |
---------------+-------+-----
Summonings     | 5 |  5.0
Dodging        | |  2.4
Stealth        | |  2.4
Spellcasting   | |  3.2

Action                     || total
---------------------------++-------
  Melee: Unarmed           ||     7
         Dagger            ||    16
   Cast: Summon Small Mamm ||    16
         Call Imp          ||     1
   Stab: Sleeping          ||     1
 Armour: Robe              ||     5
  Dodge: Dodged            ||     9

Table legend: (Time is in decaauts)
 A = Elapsed time spent in this place.
 B = Non-inter-level travel time spent in this place.
 C = Inter-level travel time spent in this place.
 D = Time resting spent in this place.
 E = Time spent auto-exploring this place.
 F = Levels seen in this place.
 G = Mean time per level.
                   A        B        C        D        E       F      G
               +--------+--------+--------+--------+--------+-----+--------+
         Total |    514 |    506 |      8 |      0 |    380 |   2 |  257.0 |
       Dungeon |    514 |    506 |      8 |      0 |    380 |   2 |  257.0 |
               +--------+--------+--------+--------+--------+-----+--------+

Top non-repeatable levels by time:
     D:1: 465 daAuts
     D:2: 49 daAuts
